cohdb
Replays
Latest Replays
All Replays
Popular Replays
Top Player Replays
Match Explorer
How It Works
Community
CoH3 Stats
Reddit
Sign in to upload your games and track your stats! →
Sign in with Steam
Match 44187542
Unlisted
Match 44187542
Overview
Messages
Build Orders
End
Panzergrenadier Squad
250 Light Carrier
Panzergrenadier Squad
Construct Light Support Kompanie
Combat Half-tracks
Selects Panzerjäger Kommand Battlegroup
Selects GrB 39 Grenade Launcher Requisition
Selects Mine Fields
Construct Mechanized Kompanie
Panzergrenadier Squad
Marder III Tank Destroyer
Selects Crew Shock Tactics
2.5-tonne Medical Truck
254 Reconnaissance Tractor
Marder III Tank Destroyer
Veteran Squad Leaders
Construct Panzerarmee Kommand
Selects Anti-tank Overwatch
Armored Reserves
Tungsten Core Ammunition
koko z
The_Jonny_Boy94
RunningWithFate
Onoyk
0
0
Comments
sign in to comment!
No comments posted yet!